 Dungeon Crawl Stone Soup version 0.30-a0-166-g5d06c95188 (webtiles) character file.

Game seed: 14903689254448312657

249 qw the Chopper (level 6, -1/37 HPs)
             Began as a Gargoyle Fighter on Sept 28, 2022.
             Slain by an iron imp (5 damage)
             ... summoned by Natasha
             ... on level 2 of the Dungeon.
             The game lasted 00:00:39 (2181 turns).

qw the Chopper (Gargoyle Fighter)                   Turns: 2181, Time: 00:00:40

Health: -1/37      AC: 11    Str: 22    XL:     6   Next: 12%
Magic:  6/6        EV:  9    Int:  8    God:
Gold:   94         SH:  4    Dex:  9    Spells: 5/5 levels left

rFire   . . .      SeeInvis .    Y - +0 war axe
rCold   . . .      Faith    .    c - +0 buckler
rNeg    + . .      Spirit   .    b - +0 scale mail
rPois   inf        Reflect  .    (no helmet)
rElec   +          Harm     .    (no cloak)
rCorr   .          Rampage  .    (no gloves)
Will    .....                    (no boots)
Stlth   ..........               (no amulet)
HPRegen 0.12/turn                (no ring)
MPRegen 0.10/turn                (no ring)

@: slowed, very slow
A: sickness immunity, AC +4, negative energy resistance 1, electricity
resistance, torment resistance 1, petrification resistance
a: no special abilities


You were on level 2 of the Dungeon.
You visited 1 branch of the dungeon, and saw 2 of its levels.

You collected 94 gold pieces.


Innate Abilities, Weirdness & Mutations

You are immune to sickness and miasma.
Your stone body is resilient. (AC +4)
You are immune to poison.
You resist negative energy. (rN+)
You are resistant to electric shocks. (rElec)
You are resistant to unholy torment.
You are immune to petrification.


   Skills:
 + Level 3.3 Fighting
 - Level 5.3 Axes
 - Level 1.4 Throwing
 - Level 3.2 Armour
 - Level 3.2 Shields


You had 5 spell levels left.
You didn't know any spells.
Your spell library was empty.

Inventory:

Hand Weapons
 g - a +0 whip of draining
 Y - a +0 war axe (weapon)
Missiles
 n - 4 javelins (quivered)
Armour
 b - a +0 scale mail (worn)
 c - a +0 buckler (worn)
Scrolls
 a - a scroll of poison {unknown}
 i - a scroll of noise {unknown}
 j - a scroll of blinking {unknown}
 k - a scroll of teleportation {unknown}
 l - a scroll of identify
 o - a scroll of brand weapon {unknown}
Potions
 d - a potion of might
 e - a potion of cancellation {unknown}
 f - a potion of brilliance {unknown}
 h - a potion of curing {unknown}
 m - a potion of resistance {unknown}

Dungeon Overview and Level Annotations

Branches:
Dungeon (2/15)

Altars:

Annotations:
D:2 Natasha


Message History

The crimson imp hits you.
Natasha casts a spell.
The white imp hits you. The white imp freezes you.
The crimson imp grins evilly.
The crimson imp hits you but does no damage.
You closely miss Natasha.
Natasha is heavily wounded.
You hit the iron imp. You hit the white imp. You barely miss the crimson imp.
Natasha claws you but does no damage. The white imp barely misses you.
The crimson imp barely misses you.
Natasha stares at you and mumbles some strange words.
You feel as though you will be slow longer.
The iron imp hits you but does no damage.
The white imp barely misses you. The crimson imp barely misses you.
You closely miss Natasha.
Natasha is heavily wounded.
You closely miss the iron imp. You closely miss the white imp.
You miss the crimson imp.
Natasha stares at you and mumbles some strange words.
The magic dart hits you.
The white imp hits you but does no damage.
The crimson imp blinks!
The iron imp hits you but does no damage.
Natasha claws you but does no damage. The white imp gestures at you.
The puff of frost hits you. The iron imp closely misses you.
You closely miss Natasha.
Natasha is heavily wounded.
You hit the white imp. You hit the iron imp. Natasha barely misses you.
The white imp closely misses you. Natasha claws you but does no damage.
The iron imp closely misses you. The white imp gestures at you.
The puff of frost hits you.
The crimson imp blinks!
You completely miss the iron imp.
The iron imp is heavily wounded.
You slash Natasha! You hit the white imp but do no damage.
Natasha casts a spell at you.
You feel as though you will be slow longer.
You block the white imp's attack. The iron imp hits you.
You die...

...#########.#.##.## #.#.#
...# #.#.##.# #.#.# ...#
#.#.##.# #.#.#
...#########.#.##.####.#.#
...%..<..................#
.#.##############.#.######
.#...........###....#
.#.#######..........##
...# ###.....5@....## ##.#
.......h5.....# #.#
#...........## ##.#
........5..## ...#
###.###...##
##.########...##..##
#................# ##..#
#####...##.##
##..########.###.#


You could see an iron imp (summoned), Natasha, a crimson imp (summoned) and a
white imp (summoned).

Vanquished Creatures
  Sigmund (D:2)
  Natasha (D:2)
  2 adders (D:2)
  2 worms (D:2)
  7 endoplasms
  2 giant cockroaches (D:1)
  2 goblins
  5 quokkas
  4 ball pythons
  2 bats
  3 frilled lizards
  6 kobolds
  2 rats
39 creatures vanquished.

Notes
Turn   | Place    | Note
-------+----------+-------------------------------------------
     0 | D:1      | qw the Gargoyle Fighter began the quest for the Orb.
     0 | D:1      | Reached XP level 1. HP: 14/14 MP: 1/1
     0 | D:1      | 0 ||| qw: Version: 0.2-a-12-gaebbb33
     0 | D:1      | 0 ||| qw: Game counter: 981
     0 | D:1      | 0 ||| qw: Always use a shield: true
     0 | D:1      | 0 ||| qw: God list: Okawaru
     0 | D:1      | 0 ||| qw: Allow faded altars: false
     0 | D:1      | 0 ||| qw: Do Orc after D:15 true
     0 | D:1      | 0 ||| qw: Do second Lair branch before Depths: true
     0 | D:1      | 0 ||| qw: Lair rune preference: random
     0 | D:1      | 0 ||| qw: Plans: Normal, Zot:1-4, God:TSO, Crypt, Tomb,
                  | Pan, Slime:5, Hells, Abyss, Orb
     0 | D:1      | 0 ||| PLANNING D:1-11
    52 | D:1      | Reached skill level 2 in Axes
   199 | D:1      | Reached XP level 2. HP: 19/19 MP: 2/2
   499 | D:1      | Found a faded altar of an unknown god.
   745 | D:1      | Reached skill level 3 in Axes
   935 | D:1      | Reached XP level 3. HP: 21/23 MP: 3/3
  1171 | D:1      | 1171 ||| READING scroll labelled UBIOCR XUMO.
  1172 | D:1      | 1172 ||| READING scroll labelled ZASHIC GIONEUN.
  1679 | D:2      | Noticed Natasha
  1680 | D:2      | 1680 ||| Stepping ~*~*~tactically~*~*~ (hiding).
  1689 | D:2      | Killed Natasha
  1690 | D:2      | Reached skill level 1 in Throwing
  1690 | D:2      | Reached XP level 4. HP: 22/28 MP: 4/4
  1920 | D:2      | Noticed Sigmund
  1933 | D:2      | Killed Sigmund
  1934 | D:2      | Reached skill level 5 in Axes
  1934 | D:2      | Reached XP level 5. HP: 24/32 MP: 5/5
  1934 | D:2      | Reached XP level 6. HP: 27/37 MP: 6/6
  2166 | D:2      | Noticed Natasha
  2179 | D:2      | HP: 8/37 [white imp/puff of frost[Natasha] (6)]
  2181 | D:2      | Slain by an iron imp

Levels and vault maps discovered:
D:1:      nicolae_arrival_washed_ashore, layout_loops_ring,
          chequers_ecumenical_altar_grove
D:2:      layout_loops_ring, hangedman_decor_diamond_cutter, minmay_misc_feat_x,
          uniq_sigmund, uniq_natasha

Skill      XL: |  1  2  3  4 |
---------------+-------------+-----
Axes           | 2 3 5 |  5.3
Throwing       | 1 |  1.4
Fighting       | |  3.3
Armour         | |  3.2
Shields        | |  3.2

Action                   |  1- 3 |  4- 6 || total
-------------------------+-------+-------++-------
Melee: War axe           |   110 |    31 ||   141
Throw: Javelin           |     1 |     9 ||    10
  Use: Scroll            |     2 |       ||     2
Armor: Scale mail        |    50 |    17 ||    67
Dodge: Dodged            |    61 |    19 ||    80
Block: Buckler           |    18 |     3 ||    21

Table legend:
 A = Non-vault XP
 B = Vault XP
 C = Vault XP percentage of total XP
 D = Non-vault monster count
 E = Vault monster count
 F = Vault count percentage of total count
                 A         B        C        D         E       F
            +---------+---------+-------+---------+---------+-------
      Total |      90 |     266 |  74.7 |      37 |       2 |   5.1
            +---------+---------+-------+---------+---------+-------
        D:1 |      37 |       0 |   0.0 |      23 |       0 |   0.0
        D:2 |      53 |     266 |  83.4 |      14 |       2 |  12.5
            +---------+---------+-------+---------+---------+-------
